 Dungeon Crawl Stone Soup version 0.22-a0-467-g5c5de1c (webtiles) character file.

1397 grizmgrazm2 the Martial Artist (level 8, -2/57 HPs)
             Began as a Merfolk Transmuter on June 10, 2018.
             Slain by a rust devil (10 damage)
             ... on level 5 of the Dungeon.
             The game lasted 00:14:56 (5255 turns).

grizmgrazm2 the Martial Artist (Merfolk Transmuter) Turns: 5255, Time: 00:14:57

Health: -2/57      AC: -1    Str: 10    XL:     8   Next: 69%
Magic:  14/14      EV: 15    Int: 15    God:
Gold:   210        SH:  0    Dex: 14    Spells: 9/15 levels left

rFire    . . .     SeeInvis .     - Unarmed
rCold    . . .     Gourm    +   (no shield)
rNeg     + . .     Faith    .   c - +3 leather armour
rPois    .         Spirit   .   (no helmet)
rElec    .         Reflect  .   (no cloak)
rCorr    .         Harm     .   (no gloves)
MR       .....                  i - +0 pair of boots
Stlth    ++........             b - amulet of the gourmand
HPRegen  0.19/turn              g - ring of positive energy
MPRegen  0.14/turn              (no ring)

@: corroded
A: change form in water, swift swim, stealthy swim
a: no special abilities


You were on level 5 of the Dungeon.
You were not hungry.

You visited 2 branches of the dungeon, and saw 7 of its levels.

You collected 210 gold pieces.

Inventory:

Missiles
 a - 32 arrows
Armour
 c - a +3 leather armour (worn)
 i - a +0 pair of boots (worn)
Jewellery
 b - an amulet of the gourmand (around neck)
 g - a ring of positive energy (left hand)
 h - an uncursed ring of positive energy
 k - a cursed ring of teleportation {unknown}
Scrolls
 l - a scroll of amnesia {unknown}
 o - a scroll of teleportation
Potions
 e - a potion of cancellation {unknown}
 f - 2 potions of heal wounds {unknown}
 j - 2 potions of curing {unknown}
 m - 2 potions of invisibility {unknown}
 n - a potion of agility {unknown}
Comestibles
 d - 6 rations


   Skills:
 + Level 2.9 Fighting
 + Level 5.9 Dodging
 + Level 1.4 Stealth
 + Level 8.5 Unarmed Combat
 + Level 4.0 Spellcasting
 + Level 5.8 Transmutations


You had 9 spell levels left.
You knew the following spells:

 Your Spells              Type           Power        Failure   Level  Hunger
a - Beastly Appendage     Tmut           ###...       2%          1    None
b - Blade Hands           Tmut           ###.......   52%         5    ######.

Your spell library contained the following spells:

 Spells                   Type           Power        Failure   Level  Hunger
 Magic Dart               Conj           #...         24%         1    None
 Conjure Flame            Conj/Fire      #.......     58%         3    ###....
 Slow                     Hex            #.......     36%         2    ##.....
 Mephitic Cloud           Conj/Pois/Air  #.......     58%         3    ###....
 Blink                    Tloc           N/A          36%         2    ##.....
 Call Imp                 Summ           #.......     36%         2    ##.....
 Spider Form              Tmut/Pois      ##........   22%         3    ###....
 Ice Form                 Ice/Tmut       ##......     58%         4    ####...
 Sticks to Snakes         Tmut           ###.....     3%          2    ##.....


Dungeon Overview and Level Annotations

Branches:
Dungeon (6/15)             Temple (1/1) D:4

Altars:
Ashenzari
Cheibriados
Dithmenos
Elyvilon
Fedhas
Gozag
Hepliaklqana
Kikubaaqudgha
Makhleb
Nemelex Xobeh
Okawaru
Qazlal
Ru
Sif Muna
Trog
Uskayaw
Vehumet
Xom
Yredelemnul
Zin
The Shining One

Annotations:
D:3 Muffinman's ghost, amateur GrFi
D:4 PegasusDuck's ghost, amateur DsGl


Message History

The orc warrior shouts!
The orc warrior misses you.
There is a stone staircase leading down, spattered with blood here.
The rust devil completely misses you. The orc warrior barely misses you.
The orc warrior hits you with a trident of venom!
The rust devil hits you. The rust devil corrodes you!
The orc warrior closely misses you. x2
The orc warrior hits you with a battleaxe!
There is an empty arch of ancient stone here.
There is nothing on the other side of the stone arch.
The orc warrior misses you. The rust devil misses you.
The orc warrior misses you. The rust devil hits you.
The rust devil corrodes you!
The orc warrior hits you with a battleaxe!!
* * * LOW HITPOINT WARNING * * *
The orc warrior closely misses you. The orc warrior completely misses you.
The orc warrior closely misses you.
There is a stone staircase leading down, spattered with blood here.
The rust devil hits you!
You die...

###### #)# ###### ###....## #.#
.....# ###.......## #.#
####.###...###....## ##.## #
#.##..###,###...#######)..## #
####.##.##)#+#)##.#...........# #
.).)....#♣.....♣#..#.###.#...####
)###.#.##.......##.#.# #..)......
)# #...#∩...8.o4@#.#.# ####.#####
.# ###.##.....o.##.#.# #.# .#
#..#♣.....♣#..#.# ##'##
.#####..##)#+#)##....# ##...##
.........###,###..#### ##.....##
###.###....###....## ##.......##
##......##.....#...####...[.....#
.............<........'.........'
##....##########...####.........#


You could see a rust devil and 2 orc warriors.

Vanquished Creatures
  A two-headed ogre (D:5)
  Duvessa (D:5)
  Dowan (D:5)
  2 crimson imps
  2 bullfrog zombies (D:5)
  A hound (D:6)
  5 orc wizards
  An orc priest (D:4)
  An iguana (D:5)
  A worker ant (D:6)
  A hound skeleton (D:5)
  A gnoll (D:2)
  5 adders
  A howler monkey skeleton (D:5)
  2 shadow imps (D:5)
  An ooze (D:2)
  A worm (D:2)
  7 dart slugs
  6 leopard geckos
  18 orcs
  4 ball pythons (D:2)
  12 bats
  7 giant cockroaches
  7 goblins
  4 hobgoblins
  6 jackals (D:4)
  2 quokkas
  6 frilled lizards
  10 kobolds
  A leopard gecko zombie (D:5)
  12 rats
130 creatures vanquished.

Vanquished Creatures (others)
  A bat (D:1)
1 creature vanquished.

Grand Total: 131 creatures vanquished

Notes
Turn   | Place    | Note
-------+----------+-------------------------------------------
     0 | D:1      | grizmgrazm2 the Merfolk Transmuter began the quest for the Orb.
     0 | D:1      | Reached XP level 1. HP: 15/15 MP: 3/3
    86 | D:1      | Reached XP level 2. HP: 18/21 MP: 5/5
   397 | D:1      | Reached skill level 4 in Unarmed Combat
   511 | D:1      | Reached XP level 3. HP: 18/26 MP: 6/6
   898 | D:2      | Reached XP level 4. HP: 11/32 MP: 5/7
  1834 | D:2      | Reached XP level 5. HP: 33/37 MP: 8/8
  1841 | D:2      | Learned a level 5 spell: Blade Hands
  1924 | D:2      | Reached skill level 5 in Unarmed Combat
  2348 | D:3      | Noticed Muffinman's ghost (amateur GrFi)
  2914 | D:4      | Reached XP level 6. HP: 24/43 MP: 7/10
  3057 | D:4      | Found a staircase to the Ecumenical Temple.
  3069 | Temple   | Entered the Ecumenical Temple
  3236 | D:4      | Noticed PegasusDuck's ghost (amateur DsGl)
  3274 | D:5      | Entered Level 5 of the Dungeon
  3673 | D:5      | Reached skill level 6 in Unarmed Combat
  3967 | D:5      | Noticed a two-headed ogre
  3974 | D:5      | Killed a two-headed ogre
  3974 | D:5      | Reached skill level 5 in Dodging
  3974 | D:5      | Reached skill level 1 in Stealth
  3974 | D:5      | Reached skill level 7 in Unarmed Combat
  3974 | D:5      | Reached skill level 5 in Transmutations
  3974 | D:5      | Reached XP level 7. HP: 27/51 MP: 5/12
  3974 | D:5      | Reached XP level 8. HP: 30/57 MP: 5/13
  4277 | D:5      | Noticed Duvessa
  4277 | D:5      | Noticed Dowan
  4287 | D:5      | Killed Duvessa
  4287 | D:5      | Reached skill level 8 in Unarmed Combat
  4292 | D:5      | Killed Dowan
  5041 | D:6      | Found a stormy altar of Qazlal.
  5047 | D:5      | Noticed a rust devil
  5047 | D:5      | Noticed a rust devil
  5255 | D:5      | Slain by a rust devil

Vault maps used:
D:1:      dpeg_arrival_lava_temple_mockup, lemuel_old_faithful
D:2:      kennysheep_six_static_rooms, minmay_octomino_c4
D:3:      first_ration
D:4:      minmay_temple_entry_butterflies, kennysheep_generic_room_15, uniq_ijyb
D:5:      cheibrodos_iron_armory, uniq_duvessa
D:6:      minmay_klotski, overflow_temple_1_default
Temple:   regret_index_temple_chain_breaker

Skill      XL: |  1  2  3  4  5  6  7  8 |
---------------+-------------------------+-----
Unarmed Combat | 4 5 7 8 |  8.5
Dodging        | 3 4 5 |  5.9
Transmutations | 3 5 |  5.8
Fighting       | 2 |  2.9
Stealth        | 1 |  1.4
Spellcasting   | 3 4 |  4.0

Action                   |  1- 3 |  4- 6 |  7- 9 || total
-------------------------+-------+-------+-------++-------
Melee: Unarmed           |   119 |   281 |    91 ||   491
       Punch             |     3 |     4 |     1 ||     8
       Headbutt          |     3 |    34 |    12 ||    49
 Cast: Beastly Appendage |     4 |    22 |    10 ||    36
       Blade Hands       |       |     1 |     1 ||     2
  Use: Scroll            |       |     8 |     3 ||    11
       Potion            |       |     1 |     1 ||     2
 Stab: Sleeping          |       |     2 |       ||     2
  Eat: Chunk             |       |    10 |     2 ||    12
       Ration            |       |       |     2 ||     2
Armor: Leather armour    |    37 |    75 |    17 ||   129
Dodge: Dodged            |    96 |   169 |    64 ||   329

Table legend:
 A = Spawn XP
 B = Non-spawn XP
 C = Spawn XP percentage of total XP
 D = Spawn monster count
 E = Non-spawn monster count
 F = Spawn count percentage of total count
 G = Total turns spent on level
                    A         B        C        D         E        F      G
               +---------+---------+-------+---------+---------+-------+---------
         Total |       0 |    1997 |   0.0 |       0 |     130 |   0.0 |  5255
               +---------+---------+-------+---------+---------+-------+---------
           D:1 |       0 |      52 |   0.0 |       0 |      28 |   0.0 |   600
           D:2 |       0 |     143 |   0.0 |       0 |      44 |   0.0 |  1691
           D:3 |       0 |       8 |   0.0 |       0 |       5 |   0.0 |   116
           D:4 |       0 |     165 |   0.0 |       0 |      17 |   0.0 |   724
           D:5 |       0 |    1509 |   0.0 |       0 |      33 |   0.0 |  1587
           D:6 |       0 |     120 |   0.0 |       0 |       3 |   0.0 |   394
               +---------+---------+-------+---------+---------+-------+---------
